cohdb
Replays
Latest Replays
All Replays
Popular Replays
Top Player Replays
Match Explorer
How It Works
Community
CoH3 Stats
Reddit
Sign in to upload your games and track your stats! →
Sign in with Steam
Match 46910174
Unlisted
Match 46910174
Overview
Messages
Build Orders
End
Construct Section Command Post
Selects Air and Sea Battlegroup
Dingo Light Scout Car
Dingo Light Scout Car
Dingo Light Scout Car
Vickers Machine Gun Team
Construct Platoon Command Post
Unlock M3 Stuart Light Tanks
Selects Supply Surplus
M3 Stuart Light Tank
Construct Resource Cache
M3 Stuart Light Tank
M3 Stuart Light Tank
M3 Stuart Light Tank
M3 Stuart Light Tank
Construct Resource Cache
Construct Resource Cache
Construct Resource Cache
M3 Stuart Light Tank
Selects UNKNOWN (223837)
M3 Stuart Light Tank
Light Vehicle Training
Selects Assault Flares
Construct Resource Cache
Construct Company Command Post
Unlock M3 Grant Medium Tanks
Construct Resource Cache
Construct Field Infirmary
Construct Resource Cache
Construct Resource Cache
Construct Resource Cache
Construct Resource Cache
Jm200092
Snax254
Snagroot
quangdung.tr0809
✪ Cpt.Awes0mE
✪ Maj.Swag
W00tLeLBrrrrrrrrrrrrrr
Patek
0
0
Comments
sign in to comment!
No comments posted yet!